 Dungeon Crawl Stone Soup version 0.28-a0-8-g6e044cfa68 (webtiles) character file.

Game seed: 9994898096803169337

69 ezpacito the Skirmisher (level 4, -1/35 HPs)
             Began as a Demonspawn Abyssal Knight on July 24, 2021.
             Was a Believer of Lugonu.
             Succumbed to a goblin's poison
             ... on level 2 of the Dungeon.
             The game lasted 00:02:52 (2215 turns).

ezpacito the Skirmisher (Demonspawn Abyssal Knight) Turns: 2215, Time: 00:02:53

Health: -1/35      AC:  3    Str: 13    XL:     4   Next: 2%
Magic:  6/6        EV: 11    Int: 13    God:    Lugonu [**....]
Gold:   53         SH:  4    Dex: 13    Spells: 5/5 levels left

rFire   . . .      SeeInvis .   a - +2 hand axe
rCold   . . .      Faith    .   (no shield)
rNeg    . . .      Spirit   .   b - +0 leather armour
rPois   .          Reflect  .   (no helmet)
rElec   .          Harm     .   (no cloak)
rCorr   .          Rampage  .   (no gloves)
Will    .....                   (no boots)
Stlth   +.........              (no amulet)
HPRegen 0.11/turn               (no ring)
MPRegen 0.10/turn               (no ring)

@: lethally poisoned (-1 -> -12)
A: large bone plates 1, powered by pain 1
a: Renounce Religion, Depart the Abyss, Bend Space


You were on level 2 of the Dungeon.
You worshipped Lugonu.
Lugonu was pleased with you.
You visited 1 branch of the dungeon, and saw 2 of its levels.
You visited the Abyss 1 time.

You collected 53 gold pieces.

Inventory:

Hand Weapons
 a - a +2 hand axe (weapon)
Missiles
 g - 41 stones
 j - a throwing net
Armour
 b - a +0 leather armour (worn)
Jewellery
 h - a +4 ring of slaying


   Skills:
 + Level 3.2 Fighting
 * Level 2.5 Axes
 + Level 2.1 Armour
 + Level 1.5 Dodging
 + Level 1.2 Spellcasting
 + Level 3.0 Invocations


You had 5 spell levels left.
You didn't know any spells.
Your spell library was empty.

Dungeon Overview and Level Annotations

Branches:
Dungeon (2/15)

Altars:

Annotations:
D:2 Natasha, Robin


Innate Abilities, Weirdness & Mutations

You are partially covered in large bone plates. (SH +4)
You sometimes gain a little power by taking damage.


Message History

The goblin is heavily wounded.
You hit the hobgoblin but do no damage. You block the hobgoblin's attack.
Robin roars a battlecry!
The goblin hits you with a +0 dagger.
Unknown command.
You closely miss the goblin.
The goblin is heavily wounded.
You hit the hobgoblin.
You kill the hobgoblin!
Lugonu accepts your kill. Robin throws the goblin at you!
The goblin hits you with a +0 dagger.
The goblin hits you with a +0 dagger of venom.
You are poisoned.
You aren't carrying any potions.
As you read the scroll labelled ENALASSUXT, it crumbles to dust.
You hear a loud clanging noise!
It was a scroll of noise.
You feel very sick. The goblin barely misses you. x2
As you read the scroll labelled JYCHOHARYS, it crumbles to dust.
It is a scroll of identify.
e - a scroll of enchant weapon You feel sick.
The goblin closely misses you. The goblin barely misses you.
As you read the scroll of enchant weapon, it crumbles to dust.
Your +1 hand axe glows red for a moment.
You feel sick.
The goblin no longer looks unusually strong.
The goblin hits you with a +0 dagger.
* * * LOW HITPOINT WARNING * * *
The goblin hits you but does no damage.
You are lethally poisoned!
You barely miss the goblin. You hit the goblin.
* * * LOW HITPOINT WARNING * * *
You feel very sick.
The goblin no longer looks unusually strong. x2
The goblin barely misses you. You block the goblin's attack.
You closely miss the goblin. You hit the goblin.
You kill the goblin!
Lugonu accepts your kill.
You die...

.g(.....g.r##......# #.#
.......gg..##......# #.#
.....g..g..g.......######.#
...........#g#............#
...........#g##############
...........#r#
...(.......#g#
############g# #@# #)# #.#
..# ###


You could see Robin, a hobgoblin (strong), 3 goblins and a rat.

Vanquished Creatures
  A gnoll (D:2)
  A dart slug (D:1)
  3 ball pythons (D:1)
  6 endoplasms
  2 giant cockroaches (D:1)
  10 goblins
  6 hobgoblins
  4 jackals (D:1)
  2 quokkas
  4 bats
  7 kobolds
  2 rats (D:1)
48 creatures vanquished.

Notes
Turn   | Place    | Note
-------+----------+-------------------------------------------
     0 | Abyss:1  | ezpacito the Demonspawn Abyssal Knight began the quest for
                  | the Orb.
     0 | Abyss:1  | Reached XP level 1. HP: 18/18 MP: 2/2
   167 | Abyss:4  | Noticed an orb spider
   180 | Abyss:4  | Noticed an elephant
   180 | Abyss:4  | Noticed a chaos spawn
   184 | Abyss:4  | Noticed a spatial vortex
   204 | Abyss:4  | Noticed a smoke demon
   206 | D:1      | Escaped the Abyss
   243 | D:1      | Reached skill level 1 in Dodging
   472 | D:1      | Reached * piety under Lugonu
   576 | D:1      | Gained mutation: You are partially covered in large bone
                  | plates. (SH +4) [demonic ancestry]
   576 | D:1      | Reached XP level 2. HP: 22/24 MP: 3/3
  1067 | D:1      | Reached XP level 3. HP: 25/29 MP: 5/5
  1647 | D:2      | Found a faded altar of an unknown god.
  1792 | D:2      | Noticed Natasha
  1795 | D:2      | Reached skill level 1 in Spellcasting
  2090 | D:2      | Reached ** piety under Lugonu
  2172 | D:2      | Noticed Robin
  2207 | D:2      | Gained mutation: You sometimes gain a little power by
                  | taking damage. [demonic ancestry]
  2207 | D:2      | Reached XP level 4. HP: 25/35 MP: 6/6
  2215 | D:2      | Succumbed to a goblin's poison

Illustrated notes

Levels and vault maps discovered:
D:1:      sevenhm_arrival_forest_fort_small_5, layout_basic
D:2:      layout_basic, chequers_ecumenical_altar_simple_redux, uniq_natasha,
          uniq_robin

Skill      XL: |  1  2  3 |
---------------+----------+-----
Dodging        | 1 |  1.5
Axes           | 2 |  2.5
Armour         | 2 |  2.1
Spellcasting   | 1 |  1.2
Invocations    | 3 |  3.0
Fighting       | |  3.2

Action                   |  1- 3 |  4- 6 || total
-------------------------+-------+-------++-------
Melee: Hand axe          |   129 |     4 ||   133
Invok: Depart the Abyss  |     1 |       ||     1
  Use: Potion            |     4 |       ||     4
       Scroll            |     2 |     3 ||     5
Armor: Leather armour    |    40 |     1 ||    41
Dodge: Dodged            |    72 |     5 ||    77
Block: Other             |    24 |     2 ||    26

Table legend: (Time is in decaauts)
 A = Elapsed time spent in this place.
 B = Non-inter-level travel time spent in this place.
 C = Inter-level travel time spent in this place.
 D = Time resting spent in this place.
 E = Time spent auto-exploring this place.
 F = Levels seen in this place.
 G = Mean time per level.
                   A        B        C        D        E       F      G
               +--------+--------+--------+--------+--------+-----+--------+
         Total |   2239 |   2208 |     31 |    121 |   1699 |   6 |  373.2 |
       Dungeon |   2034 |   2003 |     31 |    121 |   1551 |   2 | 1017.0 |
         Abyss |    205 |    205 |      0 |      0 |    148 |   4 |   51.2 |
               +--------+--------+--------+--------+--------+-----+--------+

Top non-repeatable levels by time:
     D:1: 1395 daAuts
     D:2: 639 daAuts
 Abyss:1: 132 daAuts
 Abyss:4: 63 daAuts
 Abyss:3: 6 daAuts
 Abyss:2: 2 daAuts
